 Dungeon Crawl Stone Soup version 0.27.1-33-g824d729ab1 (webtiles) character file.

Game seed: 700590405759989250

1847 H0rd4k the Poker (level 9, -5/66 HPs)
             Began as a Human Artificer on Nov 24, 2021.
             Slain by a komodo dragon (25 damage)
             ... on level 5 of the Dungeon.
             The game lasted 00:09:28 (7949 turns).

H0rd4k the Poker (Human Artificer)                  Turns: 7949, Time: 00:09:29

Health: -5/66      AC:  6    Str: 13    XL:     9   Next: 34%
Magic:  12/12      EV: 13    Int: 14    God:
Gold:   358        SH:  0    Dex: 14    Spells: 13/13 levels left

rFire    + . .     SeeInvis .   j - +0 spear (venom)
rCold    x . .     Faith    .   (no shield)
rNeg     . . .     Spirit   .   b - +0 leather armour
rPois    .         Reflect  .   (no helmet)
rElec    .         Harm     .   y - +1 cloak
rCorr    .         Rampage  .   (no gloves)
Will     .....                  r - +0 pair of boots
Stlth    +.........             (no amulet)
HPRegen  0.21/turn              o - ring of fire
MPRegen  0.13/turn              m - ring of flight

@: flying
A: no striking features
a: no special abilities


You were on level 5 of the Dungeon.
You visited 1 branch of the dungeon, and saw 5 of its levels.
You also visited: Ossuary.

You collected 358 gold pieces.

Inventory:

Hand Weapons
 f - a +0 dagger
 j - a +0 spear of venom (weapon)
Missiles
 h - 59 poisoned darts
 z - a throwing net
Armour
 b - a +0 leather armour (worn)
 r - a +0 pair of boots (worn)
 y - a +1 cloak (worn)
Magical Staves
 x - a staff of poison
Jewellery
 m - a ring of flight (right hand)
 o - a ring of fire (left hand)
Wands
 c - a wand of flame (8) (quivered)
Scrolls
 a - a scroll of noise {unknown}
 l - 2 scrolls of brand weapon {unknown}
 q - 4 scrolls of blinking {unknown}
 t - 2 scrolls of teleportation {unknown}
 A - 2 scrolls of magic mapping {unknown}
 D - a scroll of enchant weapon {unknown}
 E - a scroll of fear {unknown}
 F - a scroll of identify {unknown}
 G - a scroll of immolation {unknown}
Potions
 d - a potion of brilliance {unknown}
 g - a potion of heal wounds {unknown}
 i - a potion of cancellation {unknown}
 k - a potion of berserk rage {unknown}
 n - a potion of attraction
 p - a potion of degeneration {unknown}
 s - a potion of mutation {unknown}
 u - 2 potions of flight {unknown}
 v - a potion of lignification {unknown}
 w - 2 potions of curing {unknown}
 B - 2 potions of might {unknown}
 C - a potion of resistance {unknown}
Miscellaneous
 e - a piece from Xom's chessboard (10/15)


   Skills:
 - Level 4.7 Fighting
 + Level 0.7 Short Blades
 - Level 6.7 Polearms
 - Level 2.0 Armour
 + Level 4.9 Dodging
 - Level 1.0 Stealth
 * Level 2.6 Spellcasting
 + Level 5.9 Evocations


You had 13 spell levels left.
You didn't know any spells.
Your spell library contained the following spells:

 Spells                   Type           Power      Damage    Failure   Level
 Animate Skeleton         Necr           2%         N/A       28%         1
 Apportation              Tloc           2%         N/A       28%         1
 Corona                   Hex            1%         N/A       28%         1
 Foxfire                  Conj/Fire      8%         2x1d4     28%         1
 Pain                     Necr           4%         1d4       28%         1
 Sandblast                Erth           2%         2d4       28%         1
 Summon Small Mammal      Summ           4%         N/A       28%         1
 Passwall                 Tmut/Erth      0%         N/A       41%         2
 Conjure Flame            Conj/Fire      2%         6-21      65%         3
 Gell's Gravitas          Tloc           0%         N/A       65%         3
 Inner Flame              Hex/Fire       2%         N/A       65%         3
 Lesser Beckoning         Tloc           0%         N/A       65%         3
 Teleport Other           Tloc           1%         N/A       65%         3
 Vampiric Draining        Necr           0%         2d6       65%         3
 Lee's Rapid Deconstruct  Erth           0%         3d5*      100%        5


Dungeon Overview and Level Annotations

Branches:
Dungeon (5/15)            Ossuary (visited)
 Temple: D:4-7

Altars:
Hepliaklqana
Nemelex Xobeh
Uskayaw

Annotations:
D:2 exclusion: 2 downstairs
D:4 exclusion: downstairs


Message History

You now have 328 gold pieces (gained 13).
There is an open door here.
There is an open door here.
You now have 336 gold pieces (gained 8).
You now have 347 gold pieces (gained 11).
g - a sapphire potion
There is an open door here.
There is an open door here.
You now have 358 gold pieces (gained 11).
There is an open door here.
Items here: )) [[.
You see here an iguana skeleton.
A komodo dragon is nearby!
You see here an iguana skeleton.
Found a pair of gloves.
Found a pair of boots.
Things that are here:
19 arrows; a +0 shortbow
There is an open door here.
You see here a black bear skeleton.
The komodo dragon hisses angrily.
A komodo dragon is nearby!
You make a move on Xom's chessboard...
The komodo dragon seems to grow stronger.
You make a move on Xom's chessboard...
Nothing appears to happen.
Unknown command.
You make a move on Xom's chessboard...
The komodo dragon resists with significant effort.
You make a move on Xom's chessboard...
The komodo dragon resists with significant effort.
Unknown command.
You make a move on Xom's chessboard...
The komodo dragon falls asleep!
Unknown command.
The komodo dragon hisses angrily.
The komodo dragon bites you!!!
Ouch! That really hurt!
You hit the komodo dragon.
The komodo dragon is poisoned.
The komodo dragon is lightly wounded.
The komodo dragon bites you!!
You die...

##..##..................
#...###................#
########....#######...........#
#..........######..............
#.######.....#.#...............
#.# #.....#...............#.
#.# #..................#.<..
#.# #..####.l..........###..
#.############@..........>..##.
#....#...#..................##.
#..#.).#.#.#...#....##......##.
#...###..#..###.............###
#.#.#.#.###.#.#...............#
#...##'.....'##..#............#
#..#...#####...#.........##....
#......#...#.#.................
#......#...'.###.(.......##....


You could see a komodo dragon (strong, poisoned).

Vanquished Creatures
  Sigmund (D:4)
  Menkaure (D:4)
  Edmund (D:4)
  Duvessa (D:4)
  3 black bears
  A centaur (D:5)
  An ogre (D:5)
  A phantom (D:5)
  Blork the orc (D:4)
  A scorpion (D:5)
  A water moccasin skeleton (D:5)
  4 centaur zombies (Ossuary)
  A gnoll shaman (D:5)
  2 hounds
  3 bullfrog skeletons
  3 iguanas (D:5)
  3 mummies (Ossuary)
  Robin (D:3)
  4 gnolls (D:3)
  5 adders
  An ufetubus (D:5)
  3 worms
  3 dart slugs (D:3)
  An orc (D:5)
  5 bats
  11 endoplasms
  2 giant cockroaches
  14 goblins
  9 hobgoblins
  8 quokkas
  8 ball pythons
  3 frilled lizards
  8 kobolds
  4 rats
119 creatures vanquished.

Vanquished Creatures (collateral kills)
  Dowan (D:4)
  3 centaur zombies (Ossuary)
  A jelly (D:4)
  2 mummies (Ossuary)
  A hobgoblin zombie (Ossuary)
8 creatures vanquished.

Vanquished Creatures (others)
  A centaur zombie (Ossuary)
1 creature vanquished.

Grand Total: 128 creatures vanquished

Notes
Turn   | Place    | Note
-------+----------+-------------------------------------------
     0 | D:1      | H0rd4k the Human Artificer began the quest for the Orb.
     0 | D:1      | Reached XP level 1. HP: 15/15 MP: 1/1
   199 | D:1      | Reached XP level 2. HP: 19/21 MP: 2/2
   886 | D:1      | Reached XP level 3. HP: 24/26 MP: 3/3
  1121 | D:1      | Found a faded altar of an unknown god.
  2255 | D:2      | Reached XP level 4. HP: 32/32 MP: 4/4
  2428 | D:3      | Found a sparkling altar of Nemelex Xobeh.
  2449 | D:3      | Reached skill level 1 in Polearms
  2622 | D:3      | Noticed Robin
  2720 | D:3      | Reached XP level 5. HP: 16/39 MP: 5/5
  2941 | D:3      | Killed Robin
  3025 | D:3      | Reached skill level 2 in Polearms
  4104 | D:4      | Noticed Sigmund
  4114 | D:4      | Killed Sigmund
  4115 | D:4      | Reached skill level 3 in Polearms
  4115 | D:4      | Reached XP level 6. HP: 38/47 MP: 6/6
  4210 | D:4      | Noticed Blork the orc
  4219 | D:4      | Reached skill level 4 in Polearms
  4233 | D:4      | Killed Blork the orc
  4234 | D:4      | Reached XP level 7. HP: 41/52 MP: 7/7
  4606 | D:4      | Noticed Duvessa
  4606 | D:4      | Noticed Dowan
  4612 | D:4      | Killed Dowan
  4656 | D:4      | Killed Duvessa
  5047 | D:4      | Reached skill level 5 in Polearms
  5182 | D:4      | Found a hide-covered altar of Uskayaw.
  5182 | D:4      | Noticed Edmund
  5219 | D:4      | Killed Edmund
  5220 | D:4      | Reached XP level 8. HP: 29/60 MP: 8/8
  5819 | D:4      | Noticed Menkaure
  5822 | D:4      | Killed Menkaure
  5823 | D:4      | Reached skill level 6 in Polearms
  5871 | D:5      | Entered Level 5 of the Dungeon
  5871 | D:5      | Found a hazy altar of Hepliaklqana.
  5890 | D:5      | Found a sand-covered staircase.
  5904 | Ossuary  | Entered an ossuary
  5940 | Ossuary  | Reached skill level 5 in Evocations
  6753 | D:5      | Reached XP level 9. HP: 36/66 MP: 8/10
  6759 | D:5      | Reached skill level 1 in Spellcasting
  7105 | D:5      | Noticed a komodo dragon
  7949 | D:5      | Slain by a komodo dragon

Illustrated notes

Levels and vault maps discovered:
D:1:      eino_arrival_cavern_c, layout_basic,
          shapermc_ecumenical_altar_mp_urbaneastern, hex_medium
D:2:      layout_loops_corners, wander_ebering_terrifying_dragon_lair
D:3:      layout_loops_ring, nemelex_spade_bored_becter,
          minmay_fractal_squares_gapless_5, uniq_robin
D:4:      layout_basic, nicolae_uskayaw_murder_on_the_dancefloor, uniq_edmund,
          uniq_sigmund, uniq_duvessa, uniq_blork_the_orc, uniq_menkaure
D:5:      layout_cave_pools, lemuel_doored_altar, chequers_ossuary_entry_cave,
          minmay_fractal_squares_diagonal_5

Skill      XL: |  1  2  3  4  5  6  7  8  9 |
---------------+----------------------------+-----
Evocations     | 4 5 |  5.9
Polearms       | 1 3 4 5 6 |  6.7
Fighting       | 2 3 4 |  4.7
Dodging        | 2 3 4 |  4.9
Spellcasting   | 2 |  2.6
Short Blades   | |  0.7
Armour         | |  2.0
Stealth        | |  1.0

Action                   |  1- 3 |  4- 6 |  7- 9 || total
-------------------------+-------+-------+-------++-------
Melee: Dagger            |    43 |       |       ||    43
       Club              |     4 |       |       ||     4
       Spear             |    89 |   125 |   262 ||   476
Evoke: Wand              |     1 |    11 |    25 ||    37
       Piece from Xom's  |       |     1 |     5 ||     6
  Use: Potion            |       |       |     2 ||     2
 Stab: Sleeping          |     5 |     2 |     1 ||     8
       Distracted        |       |       |     1 ||     1
       Invisible         |       |       |     3 ||     3
Armor: Leather armour    |    31 |    22 |   118 ||   171
Dodge: Dodged            |    66 |    44 |   185 ||   295
